Mustangs vs Knights
(R1)
Created - March 7, 2018 at 19:01
Goals
|
Mustangs |
0 |
1 |
2 |
3 |
Knights |
1 |
1 |
3 |
5 |
|
Shots
|
Mustangs |
13 |
11 |
10 |
34 |
Knights |
9 |
13 |
15 |
37 |
|
1st period
1. Knights , Kevin Hayes 15 (Jaccob Slavin 14, Noel Acciari 19) at 16:58
Penalties :
Linden Vey (Lon) for Hooking (Minor) at 18:15
2nd period
2. Mustangs , Brady Skjei 9 (Marcus Foligno 42, Mika Zibanejad 47) at 12:22 (PP)
3. Knights , Noel Acciari 18 (Scott Wilson 8, Tomas Kundratek 16) at 13:38
Penalties :
Jerome Samson (Ham) for High sticking (Minor) at 6:05, Jacob Trouba (Lon) for Tripping (Minor) at 12:14, Marcus Foligno (Ham) for Slashing (Minor) at 13:53, Scott Mayfield (Ham) for Interference (Minor) at 16:05, Jacob Trouba (Lon) for Hooking (Minor) at 18:40
3rd period
4. Mustangs , Mika Zibanejad 22 (Brady Skjei 42, Marcus Foligno 43) at 0:22 (PP)
5. Knights , Linden Vey 24 (Jared Spurgeon 27) at 1:36
6. Knights , Jimmy Hayes 36 (Michael Raffl 44, Cody Bass 24) at 5:49 (PP)
7. Mustangs , Jerome Samson 11 (Jim O'Brien 30, Andrew Shaw 23) at 8:01
8. Knights , Cody Bass 22 (Jimmy Hayes 29) at 9:38
Penalties :
Josh Jooris (Ham) for Unsportsmanlike conduct (Minor) at 2:11, Joshua Leivo (Ham) for Hooking (Minor) at 4:48, Jordan Martinook (Lon) for Roughing (Double Minor) at 15:44, Francis Paré (Ham) for Holding (Minor) at 19:52
Goalie Stats
Chet Pickard (Ham), 32 saves from 37 shots - (0.865), L, 10-3-5, 60:00 minutes
Ben Scrivens (Lon), 31 saves from 34 shots - (0.912), W, 18-20-4, 60:00 minutes
Players Stats for Mustangs
Player Name G A P +/- PIM S H SB GA TA FO MP PP MP PK MP
------------------------------------------------------------------------------------
Alexei Marchenko 0 0 0 1 0 1 1 2 0 0 0/0 10:18 0:00 0:00
Andreas Athanasiou 0 0 0 0 0 0 0 0 1 0 1/4 8:49 1:03 0:11
Andrew Shaw 0 1 1 -1 0 1 1 1 0 0 0/0 14:02 3:00 0:00
Brady Skjei 1 1 2 -3 0 5 2 2 0 0 0/0 27:46 4:48 4:51
Cameron Gaunce 0 0 0 -1 0 0 0 1 0 0 0/0 21:02 3:00 4:11
Curtis Hamilton 0 0 0 0 0 2 0 0 0 0 0/0 7:24 0:00 0:11
Derek Joslin 0 0 0 -3 0 0 2 1 0 1 0/0 28:06 4:48 4:53
Francis Paré 0 0 0 0 2 0 0 0 0 0 0/0 7:06 0:00 0:00
Jerome Samson 1 0 1 -1 2 2 1 0 0 0 0/0 11:48 1:01 0:00
Jim O'Brien 0 1 1 -1 0 3 0 0 0 0 0/1 12:36 0:01 1:28
Josh Jooris 0 0 0 -1 2 4 3 0 1 0 2/3 17:25 3:47 0:00
Joshua Leivo 0 0 0 -1 2 0 0 0 1 0 0/0 13:11 1:02 1:06
Marcus Foligno 0 2 2 -1 2 5 2 0 0 0 0/1 21:34 3:47 3:42
Mark Pysyk 0 0 0 -1 0 2 1 1 0 0 0/0 21:16 3:00 3:06
Mika Zibanejad 1 1 2 -1 0 5 1 1 0 0 17/31 20:28 3:45 2:38
Riley Sheahan 0 0 0 -1 0 2 0 0 0 1 10/21 19:05 2:59 4:47
Scott Mayfield 0 0 0 1 2 0 1 0 0 1 0/0 11:07 0:00 1:07
Tomas Tatar 0 0 0 -1 0 2 0 0 0 0 0/1 17:47 2:59 4:05
Players Stats for Knights
Player Name G A P +/- PIM S H SB GA TA FO MP PP MP PK MP
------------------------------------------------------------------------------------
Brendan Gaunce 0 0 0 0 0 1 1 0 0 0 0/0 6:57 0:00 0:00
Cody Bass 1 1 2 1 0 3 2 2 0 0 14/28 20:33 3:43 2:03
Collin Miller 0 0 0 0 0 0 1 0 0 0 0/0 8:07 3:51 0:38
Jaccob Slavin 0 1 1 0 0 2 0 1 0 1 0/0 16:16 3:51 0:00
Jacob Trouba 0 0 0 0 4 1 1 0 0 0 0/0 17:06 0:00 2:44
Jared Spurgeon 0 1 1 3 0 0 1 0 0 0 0/0 26:20 5:13 4:48
Jimmy Hayes 1 1 2 1 0 6 2 1 1 0 2/2 22:04 3:26 4:00
Jordan Martinook 0 0 0 0 4 2 3 0 0 0 1/1 9:06 0:05 0:00
Kevin Hayes 1 0 1 2 0 5 1 1 0 0 0/0 18:19 4:21 2:03
Linden Vey 1 0 1 0 2 3 0 0 1 0 0/0 10:32 0:57 0:00
Matt Puempel 0 0 0 0 0 0 0 0 0 1 0/1 9:58 0:52 1:39
Michael Matheson 0 0 0 0 0 1 1 1 0 1 0/0 8:47 0:00 0:00
Michael Raffl 0 1 1 1 0 1 0 0 0 0 6/12 22:37 3:43 4:09
Noel Acciari 1 1 2 2 0 4 0 0 0 0 5/12 17:16 4:24 1:04
Scott Wilson 0 1 1 2 0 2 1 0 0 0 0/0 16:46 4:21 0:38
Stefan Matteau 0 0 0 0 0 0 2 0 0 0 4/6 9:24 0:23 0:00
Tom Wilson 0 0 0 0 0 2 0 0 0 0 0/0 8:38 0:57 0:00
Tomas Kundratek 0 1 1 3 0 1 0 2 0 0 0/0 26:20 5:13 4:48
Zach Trotman 0 0 0 0 0 3 2 2 1 0 0/0 17:02 0:00 2:38
3 Stars
1 - Cody Bass (Lon)
2 - Jimmy Hayes (Lon)
3 - Noel Acciari (Lon)
Power Play
Mustangs - 2 on 5 Attempt(s) - 40.00%
Knights - 1 on 6 Attempt(s) - 16.67%
Penalty Kill
Mustangs - 5 on 6 Attempt(s) - 83.33%
- Score 0 goal in Penalty Kill
Knights - 3 on 5 Attempt(s) - 60.00%
- Score 0 goal in Penalty Kill
Team Stat
Mustangs - Hits : 15 - Faceoff Wins : 30 - Blocked Shots : 9 - Penalty Minutes : 12
Knights - Hits : 18 - Faceoff Wins : 32 - Blocked Shots : 10 - Penalty Minutes : 10
Official
Referees : Pochmara Brian and Hebert Ghislain
Linesman : Jay Sharrers and Pierre Champoux
Game Notes
8:01 of 3rd period - Mustangs goal is going for a video replay. After video review, Goal.
Finance
Level 1 -- Attendance: 1512 (75.60%) -- Ticket Income $45,360
Level 2 -- Attendance: 688 (68.80%) -- Ticket Income $10,320
Total Attendance: 2200 (73.33%)
Total Ticket Income: $55,680
Other Income: $2,784
Total Income: $58,464
Mustangs
5 vs 5 Forward
Center Left Wing Right Wing Time % Phy DF OF
1 Mika Zibanejad Marcus Foligno Josh Jooris 40 1 2 2
2 Riley Sheahan Tomas Tatar Andrew Shaw 30 1 2 2
3 Jim O'Brien Joshua Leivo Jerome Samson 20 1 2 2
4 Andreas Athanasiou Curtis Hamilton Francis Paré 10 1 2 2
5 vs 5 Defense
Defense Defense Time % Phy DF OF
1 Derek Joslin Brady Skjei 44 1 2 2
2 Cameron Gaunce Mark Pysyk 33 1 2 2
3 Alexei Marchenko Scott Mayfield 23 1 2 2
4 Derek Joslin Brady Skjei 0 1 2 2
PowerPlay Forward
Center Left Wing Right Wing Time % Phy DF OF
1 Mika Zibanejad Marcus Foligno Josh Jooris 60 1 2 2
2 Riley Sheahan Tomas Tatar Andrew Shaw 40 1 2 2
PowerPlay Defense
Defense Defense Time % Phy DF OF
1 Derek Joslin Brady Skjei 60 1 2 2
2 Cameron Gaunce Mark Pysyk 40 1 2 2
Penalty Kill 4 Players Forward
Center Wing Time % Phy DF OF
1 Riley Sheahan Marcus Foligno 60 1 2 2
2 Jim O'Brien Tomas Tatar 40 1 2 2
Penalty Kill 4 Players Defense
Defense Defense Time % Phy DF OF
1 Derek Joslin Brady Skjei 60 1 2 2
2 Cameron Gaunce Mark Pysyk 40 1 2 2
Penalty Kill - 3 Players Forward
Forward Time % Phy DF OF
1 Riley Sheahan 60 1 2 2
2 Jim O'Brien 40 1 2 2
Penalty Kill - 3 Players Defense
Defense Defense Time % Phy DF OF
1 Derek Joslin Brady Skjei 60 1 2 2
2 Cameron Gaunce Mark Pysyk 40 1 2 2
4 vs 4 Forward
Center Wing Time % Phy DF OF
1 Mika Zibanejad Marcus Foligno 60 1 2 2
2 Riley Sheahan Tomas Tatar 40 1 2 2
4 vs 4 Defense
Defense Defense Time % Phy DF OF
1 Derek Joslin Brady Skjei 60 1 2 2
2 Cameron Gaunce Mark Pysyk 40 1 2 2
Last Minutes Offensive
Center Left Wing Right Wing Defense Defense
Mika Zibanejad Marcus Foligno Josh Jooris Derek Joslin Brady Skjei
Last Minutes Defensive
Center Left Wing Right Wing Defense Defense
Riley Sheahan Marcus Foligno Josh Jooris Derek Joslin Brady Skjei
Goaltenders
Starting : Chet Pickard
Backup : Peter Mannino
Extra Forwards
Normal : Mika Zibanejad, Riley Sheahan, Jim O'Brien - PP : Mika Zibanejad, Riley Sheahan - PK : Marcus Foligno
Extra Defensemen
Normal : Brady Skjei, Mark Pysyk, Cameron Gaunce - PP : Brady Skjei - PK : Derek Joslin, Cameron Gaunce
Penalty Shots
Andreas Athanasiou, Mika Zibanejad, Andrew Shaw, Marcus Foligno, Josh Jooris
Scratches
Roman Horak (Healthy), Dominik Uher (Healthy), Joe Finley (Healthy), Eric Knodel (Healthy), Matthew Finn (Healthy)
Danny Biega (Healthy), Raphael Bussieres (Healthy), Sam Kurker (Healthy), Max Gortz (Healthy), Rick Schofield (Healthy)
Denis Bodrov (Healthy), Riley Nash (Healthy), Justin Peters (Healthy), Joacim Eriksson (Healthy)
Knights
5 vs 5 Forward
Center Left Wing Right Wing Time % Phy DF OF
1 Cody Bass Michael Raffl Jimmy Hayes 40 1 2 2
2 Noel Acciari Scott Wilson Kevin Hayes 30 1 2 2
3 Stefan Matteau Jordan Martinook Linden Vey 20 1 2 2
4 Brendan Gaunce Matt Puempel Tom Wilson 10 1 2 2
5 vs 5 Defense
Defense Defense Time % Phy DF OF
1 Jared Spurgeon Tomas Kundratek 40 1 2 2
2 Zach Trotman Jacob Trouba 32 1 2 2
3 Jaccob Slavin Michael Matheson 20 1 2 2
4 Jaccob Slavin Collin Miller 8 1 2 2
PowerPlay Forward
Center Left Wing Right Wing Time % Phy DF OF
1 Cody Bass Michael Raffl Jimmy Hayes 60 1 2 2
2 Noel Acciari Scott Wilson Kevin Hayes 40 1 2 2
PowerPlay Defense
Defense Defense Time % Phy DF OF
1 Jared Spurgeon Tomas Kundratek 60 1 2 2
2 Collin Miller Jaccob Slavin 40 1 2 2
Penalty Kill 4 Players Forward
Center Wing Time % Phy DF OF
1 Michael Raffl Jimmy Hayes 60 1 2 2
2 Cody Bass Kevin Hayes 40 1 2 2
Penalty Kill 4 Players Defense
Defense Defense Time % Phy DF OF
1 Jared Spurgeon Tomas Kundratek 60 1 2 2
2 Zach Trotman Jacob Trouba 40 1 2 2
Penalty Kill - 3 Players Forward
Forward Time % Phy DF OF
1 Michael Raffl 60 1 2 2
2 Jimmy Hayes 40 1 2 2
Penalty Kill - 3 Players Defense
Defense Defense Time % Phy DF OF
1 Jared Spurgeon Zach Trotman 60 1 2 2
2 Jacob Trouba Tomas Kundratek 40 1 2 2
4 vs 4 Forward
Center Wing Time % Phy DF OF
1 Michael Raffl Jimmy Hayes 60 1 2 2
2 Cody Bass Kevin Hayes 40 1 2 2
4 vs 4 Defense
Defense Defense Time % Phy DF OF
1 Jared Spurgeon Tomas Kundratek 60 1 2 2
2 Jacob Trouba Zach Trotman 40 1 2 2
Last Minutes Offensive
Center Left Wing Right Wing Defense Defense
Cody Bass Michael Raffl Jimmy Hayes Jared Spurgeon Tomas Kundratek
Last Minutes Defensive
Center Left Wing Right Wing Defense Defense
Cody Bass Michael Raffl Jimmy Hayes Jared Spurgeon Tomas Kundratek
Goaltenders
Starting : Ben Scrivens
Backup : Magnus Hellberg
Extra Forwards
Normal : Tom Wilson, Jimmy Hayes, Matt Puempel - PP : Tom Wilson, Michael Raffl - PK : Matt Puempel
Extra Defensemen
Normal : Jared Spurgeon, Zach Trotman, Jacob Trouba - PP : Jared Spurgeon - PK : Tomas Kundratek, Jacob Trouba
Penalty Shots
Michael Raffl, Jimmy Hayes, Cody Bass, Kevin Hayes, Linden Vey
Scratches
Alan Quine (Healthy), Jordan Weal (Healthy), David Shields (Healthy), Matthew Benning (Healthy), Matt Grzelcyk (Healthy)
Brett Connolly (Healthy), Travis Boyd (Healthy), Scott Jackson (Healthy), Nikita Nikitin (Healthy), A.J. Jenks (Healthy)
Connor Knapp (Healthy)
% Time on Ice - Mustangs
Lines # - Real PCT - Wanted PCT - Time Play
Normal Forward
1 - 33% - 40% - 14:22
2 - 26% - 30% - 11:03
3 - 25% - 20% - 10:43
4 - 16% - 10% - 7:00
Normal Defense
1 - 42% - 44% - 18:02
2 - 34% - 33% - 14:34
3 - 24% - 23% - 10:32
4 - 0% - 0% - 0:00
PP Forward
1 - 57% - 60% - 4:28
2 - 43% - 40% - 3:20
PP Defense
1 - 62% - 60% - 4:48
2 - 38% - 40% - 3:00
PK Forward
1 - 84% - 60% - 7:36
2 - 16% - 40% - 1:28
PK Defense
1 - 54% - 60% - 4:53
2 - 46% - 40% - 4:11
PK3 Forward
1 - 0% - 60%
2 - 0% - 40%
PK3 Defense
1 - 0% - 60%
2 - 0% - 40%
44 Forward
1 - 0% - 60%
2 - 0% - 40%
44 Defense
1 - 0% - 60%
2 - 0% - 40%
Last Minute Offensive - 0:00
Last Minute Defensive - 0:00
Total
Forward - 60:00
Defense - 60:00
|
% Time on Ice - Knights
Lines # - Real PCT - Wanted PCT - Time Play
Normal Forward
1 - 36% - 40% - 15:23
2 - 27% - 30% - 11:47
3 - 21% - 20% - 9:01
4 - 16% - 10% - 6:57
Normal Defense
1 - 38% - 40% - 16:19
2 - 36% - 32% - 15:32
3 - 20% - 20% - 8:47
4 - 6% - 8% - 2:30
PP Forward
1 - 47% - 60% - 4:16
2 - 53% - 40% - 4:48
PP Defense
1 - 58% - 60% - 5:13
2 - 42% - 40% - 3:51
PK Forward
1 - 74% - 60% - 5:45
2 - 26% - 40% - 2:03
PK Defense
1 - 66% - 60% - 5:10
2 - 34% - 40% - 2:38
PK3 Forward
1 - 0% - 60%
2 - 0% - 40%
PK3 Defense
1 - 0% - 60%
2 - 0% - 40%
44 Forward
1 - 0% - 60%
2 - 0% - 40%
44 Defense
1 - 0% - 60%
2 - 0% - 40%
Last Minute Offensive - 0:00
Last Minute Defensive - 0:00
Total
Forward - 60:00
Defense - 60:00
|
Play by Play
1st period
0:01 of 1st period - Michael Raffl wins face-off versus Mika Zibanejad in neutral zone.
0:11 of 1st period - Off-side.
0:12 of 1st period - Riley Sheahan wins face-off versus Noel Acciari in neutral zone.
0:47 of 1st period - Snap shot by Linden Vey.
0:47 of 1st period - Shot Misses the Net.
0:59 of 1st period - Michael Matheson is hit by Josh Jooris and loses puck.
2:09 of 1st period - Derek Joslin is hit by Jordan Martinook.
2:31 of 1st period - Slapshot by Jared Spurgeon.
2:31 of 1st period - Shot Blocked by Alexei Marchenko.
2:33 of 1st period - Slapshot by Tom Wilson.
2:33 of 1st period - Stopped by Chet Pickard with a rebound.
2:43 of 1st period - Noel Acciari is hit by Scott Mayfield.
3:32 of 1st period - Slapshot by Jerome Samson.
3:32 of 1st period - Shot Misses the Net.
4:06 of 1st period - Snap shot by Jimmy Hayes.
4:06 of 1st period - Stopped by Chet Pickard with a rebound.
5:20 of 1st period - Snap shot by Brendan Gaunce.
5:20 of 1st period - Stopped by Chet Pickard with a rebound.
5:22 of 1st period - Slapshot by Tom Wilson.
5:22 of 1st period - Shot Misses the Net.
5:38 of 1st period - Snap shot by Josh Jooris.
5:38 of 1st period - Stopped by Ben Scrivens with a rebound.
5:59 of 1st period - Snap shot by Linden Vey.
5:59 of 1st period - Deflect By Jordan Martinook.
5:59 of 1st period - Stopped by Chet Pickard without a rebound.
6:00 of 1st period - Stefan Matteau wins face-off versus Andreas Athanasiou in Mustangs zone.
6:33 of 1st period - Snap shot by Michael Raffl.
6:33 of 1st period - Shot Misses the Net.
6:35 of 1st period - Slapshot by Michael Raffl.
6:35 of 1st period - Shot Misses the Net.
6:57 of 1st period - Snap shot by Josh Jooris.
6:57 of 1st period - Deflect By Mika Zibanejad.
6:57 of 1st period - Stopped by Ben Scrivens without a rebound.
6:58 of 1st period - Jimmy Hayes wins face-off versus Riley Sheahan in Knights zone.
7:14 of 1st period - Slapshot by Jimmy Hayes.
7:14 of 1st period - Shot Misses the Net.
7:24 of 1st period - Tomas Kundratek is hit by Mika Zibanejad and loses puck.
7:29 of 1st period - Slapshot by Josh Jooris.
7:29 of 1st period - Deflect By Mika Zibanejad.
7:29 of 1st period - Shot Misses the Net.
7:29 of 1st period - Puck is out of play.
7:30 of 1st period - Mika Zibanejad wins face-off versus Noel Acciari in Knights zone.
7:41 of 1st period - Alexei Marchenko is hit by Scott Wilson and loses puck.
8:12 of 1st period - Cody Bass is hit by Alexei Marchenko and loses puck.
9:03 of 1st period - Wrist shot by Josh Jooris.
9:03 of 1st period - Shot Blocked by Kevin Hayes.
9:11 of 1st period - Wrist shot by Marcus Foligno.
9:11 of 1st period - Shot Misses the Net.
9:13 of 1st period - Snap shot by Josh Jooris.
9:13 of 1st period - Stopped by Ben Scrivens without a rebound.
9:14 of 1st period - Jimmy Hayes wins face-off versus Riley Sheahan in Knights zone.
9:29 of 1st period - Snap shot by Michael Raffl.
9:29 of 1st period - Stopped by Chet Pickard with a rebound.
10:25 of 1st period - Francis Paré is hit by Brendan Gaunce and loses puck.
11:07 of 1st period - Icing by Brady Skjei.
11:08 of 1st period - Noel Acciari wins face-off versus Mika Zibanejad in Mustangs zone.
11:09 of 1st period - Snap shot by Kevin Hayes.
11:09 of 1st period - Shot Blocked by Mika Zibanejad.
11:11 of 1st period - Wrist shot by Noel Acciari.
11:11 of 1st period - Stopped by Chet Pickard without a rebound.
11:12 of 1st period - Cody Bass wins face-off versus Mika Zibanejad in Mustangs zone.
11:25 of 1st period - Wrist shot by Cody Bass.
11:25 of 1st period - Shot Blocked by Brady Skjei.
11:27 of 1st period - Slapshot by Tomas Kundratek.
11:27 of 1st period - Shot Misses the Net.
12:39 of 1st period - Mark Pysyk is hit by Cody Bass and loses puck.
12:46 of 1st period - Jared Spurgeon is hit by Marcus Foligno and loses puck.
13:01 of 1st period - Jared Spurgeon is hit by Brady Skjei.
13:05 of 1st period - Snap shot by Tomas Tatar.
13:05 of 1st period - Shot Misses the Net.
13:44 of 1st period - Snap shot by Jim O'Brien.
13:44 of 1st period - Stopped by Ben Scrivens with a rebound.
13:46 of 1st period - Snap shot by Alexei Marchenko.
13:46 of 1st period - Stopped by Ben Scrivens with a rebound.
14:32 of 1st period - Wrist shot by Riley Sheahan.
14:32 of 1st period - Deflect By Zach Trotman.
14:32 of 1st period - Shot Misses the Net.
14:32 of 1st period - Puck is out of play.
14:33 of 1st period - Riley Sheahan wins face-off versus Noel Acciari in Knights zone.
14:36 of 1st period - Snap shot by Riley Sheahan.
14:36 of 1st period - Stopped by Ben Scrivens with a rebound.
14:38 of 1st period - Slapshot by Andrew Shaw.
14:38 of 1st period - Shot Misses the Net.
14:42 of 1st period - Slapshot by Tomas Tatar.
14:42 of 1st period - Stopped by Ben Scrivens without a rebound.
14:43 of 1st period - Riley Sheahan wins face-off versus Noel Acciari in Knights zone.
15:02 of 1st period - Snap shot by Tomas Tatar.
15:02 of 1st period - Deflect By Andrew Shaw.
15:02 of 1st period - Stopped by Ben Scrivens without a rebound.
15:03 of 1st period - Michael Raffl wins face-off versus Mika Zibanejad in Knights zone.
15:37 of 1st period - Wrist shot by Kevin Hayes.
15:37 of 1st period - Stopped by Chet Pickard with a rebound.
16:06 of 1st period - Snap shot by Kevin Hayes.
16:06 of 1st period - Stopped by Chet Pickard with a rebound.
16:24 of 1st period - Snap shot by Jim O'Brien.
16:24 of 1st period - Shot Misses the Net.
16:42 of 1st period - Slapshot by Kevin Hayes.
16:42 of 1st period - Shot Misses the Net.
16:54 of 1st period - Wrist shot by Kevin Hayes.
16:54 of 1st period - Shot Misses the Net.
16:56 of 1st period - Wrist shot by Jaccob Slavin.
16:56 of 1st period - Shot Misses the Net.
16:58 of 1st period - Wrist shot by Kevin Hayes.
16:58 of 1st period - Goal by Kevin Hayes - Mustangs : 0 - Knights : 1.
16:59 of 1st period - Mika Zibanejad wins face-off versus Cody Bass in neutral zone.
17:02 of 1st period - Slapshot by Marcus Foligno.
17:02 of 1st period - Stopped by Ben Scrivens with a rebound.
17:08 of 1st period - Snap shot by Marcus Foligno.
17:08 of 1st period - Deflect By Josh Jooris.
17:08 of 1st period - Stopped by Ben Scrivens without a rebound.
17:09 of 1st period - Cody Bass wins face-off versus Mika Zibanejad in Knights zone.
17:52 of 1st period - Snap shot by Marcus Foligno.
17:52 of 1st period - Stopped by Ben Scrivens with a rebound.
18:10 of 1st period - Wrist shot by Mika Zibanejad.
18:10 of 1st period - Shot Blocked by Cody Bass.
18:12 of 1st period - Snap shot by Mika Zibanejad.
18:12 of 1st period - Stopped by Ben Scrivens without a rebound.
18:13 of 1st period - Jordan Martinook wins face-off versus Riley Sheahan in Knights zone.
18:15 of 1st period - Minor Penalty to Linden Vey for Hooking.
18:16 of 1st period - Michael Raffl wins face-off versus Tomas Tatar in Knights zone.
18:28 of 1st period - Snap shot by Riley Sheahan.
18:28 of 1st period - Stopped by Ben Scrivens without a rebound.
18:29 of 1st period - Michael Raffl wins face-off versus Riley Sheahan in Knights zone.
18:54 of 1st period - Kevin Hayes is hit by Josh Jooris and loses puck.
Goals for this period are 0 for Mustangs vs 1 for Knights.
Shots for this period are 13 for Mustangs vs 9 for Knights.
2nd period
0:01 of 2nd period - Michael Raffl wins face-off versus Mika Zibanejad in neutral zone.
0:15 of 2nd period - Penalty to Linden Vey is over, Linden Vey is back on ice.
0:47 of 2nd period - Jerome Samson is hit by Jacob Trouba.
0:57 of 2nd period - Slapshot by Zach Trotman.
0:57 of 2nd period - Deflect By Linden Vey.
0:57 of 2nd period - Stopped by Chet Pickard with a rebound.
1:35 of 2nd period - Slapshot by Mika Zibanejad.
1:35 of 2nd period - Shot Misses the Net.
2:23 of 2nd period - Snap shot by Matt Puempel.
2:23 of 2nd period - Shot Misses the Net.
2:37 of 2nd period - Slapshot by Jaccob Slavin.
2:37 of 2nd period - Stopped by Chet Pickard without a rebound.
2:38 of 2nd period - Cody Bass wins face-off versus Mika Zibanejad in Mustangs zone.
2:39 of 2nd period - Snap shot by Jimmy Hayes.
2:39 of 2nd period - Shot Blocked by Brady Skjei.
3:12 of 2nd period - Jared Spurgeon is hit by Derek Joslin and loses puck.
3:33 of 2nd period - Wrist shot by Kevin Hayes.
3:33 of 2nd period - Stopped by Chet Pickard with a rebound.
3:50 of 2nd period - Backhand shot by Jimmy Hayes.
3:50 of 2nd period - Stopped by Chet Pickard with a rebound.
4:04 of 2nd period - Josh Jooris is hit by Stefan Matteau and loses puck.
4:33 of 2nd period - Icing by Jim O'Brien.
4:34 of 2nd period - Cody Bass wins face-off versus Jim O'Brien in Mustangs zone.
4:35 of 2nd period - Slapshot by Jimmy Hayes.
4:35 of 2nd period - Stopped by Chet Pickard with a rebound.
5:01 of 2nd period - Jim O'Brien is hit by Zach Trotman and loses puck.
5:12 of 2nd period - Slapshot by Jim O'Brien.
5:12 of 2nd period - Shot Blocked by Jimmy Hayes.
5:16 of 2nd period - Wrist shot by Jim O'Brien.
5:16 of 2nd period - Shot Blocked by Zach Trotman.
5:34 of 2nd period - Snap shot by Jim O'Brien.
5:34 of 2nd period - Stopped by Ben Scrivens with a rebound.
5:36 of 2nd period - Backhand shot by Jerome Samson.
5:36 of 2nd period - Stopped by Ben Scrivens with a rebound.
5:38 of 2nd period - Slapshot by Mark Pysyk.
5:38 of 2nd period - Stopped by Ben Scrivens with a rebound.
6:05 of 2nd period - Minor Penalty to Jerome Samson for High sticking.
6:06 of 2nd period - Noel Acciari wins face-off versus Riley Sheahan in Mustangs zone.
6:58 of 2nd period - Marcus Foligno is hit by Collin Miller and loses puck.
8:05 of 2nd period - Penalty to Jerome Samson is over, Jerome Samson is back on ice.
8:17 of 2nd period - Curtis Hamilton is hit by Jordan Martinook and loses puck.
11:51 of 2nd period - Collin Miller is hit by Marcus Foligno and loses puck.
12:09 of 2nd period - Icing by Alexei Marchenko.
12:10 of 2nd period - Michael Raffl wins face-off versus Andreas Athanasiou in Mustangs zone.
12:14 of 2nd period - Minor Penalty to Jacob Trouba for Tripping.
12:15 of 2nd period - Josh Jooris wins face-off versus Michael Raffl in Knights zone.
12:20 of 2nd period - Slapshot by Brady Skjei.
12:20 of 2nd period - Shot Misses the Net.
12:22 of 2nd period - Slapshot by Brady Skjei.
12:22 of 2nd period - Goal by Brady Skjei - Mustangs : 1 - Knights : 1.
12:23 of 2nd period - Mika Zibanejad wins face-off versus Cody Bass in neutral zone.
12:26 of 2nd period - Slapshot by Brady Skjei.
12:26 of 2nd period - Deflect By Jimmy Hayes.
12:26 of 2nd period - Stopped by Ben Scrivens without a rebound.
12:27 of 2nd period - Mika Zibanejad wins face-off versus Cody Bass in Knights zone.
12:28 of 2nd period - Snap shot by Josh Jooris.
12:28 of 2nd period - Shot Misses the Net.
12:32 of 2nd period - Slapshot by Brady Skjei.
12:32 of 2nd period - Stopped by Ben Scrivens without a rebound.
12:33 of 2nd period - Mika Zibanejad wins face-off versus Cody Bass in Knights zone.
12:40 of 2nd period - Snap shot by Marcus Foligno.
12:40 of 2nd period - Deflect By Tomas Kundratek.
12:40 of 2nd period - Stopped by Ben Scrivens with a rebound.
12:46 of 2nd period - Snap shot by Marcus Foligno.
12:46 of 2nd period - Shot Blocked by Cody Bass.
12:50 of 2nd period - Slapshot by Brady Skjei.
12:50 of 2nd period - Stopped by Ben Scrivens without a rebound.
12:51 of 2nd period - Riley Sheahan wins face-off versus Noel Acciari in Knights zone.
13:32 of 2nd period - Snap shot by Kevin Hayes.
13:32 of 2nd period - Shot Blocked by Andrew Shaw.
13:34 of 2nd period - Snap shot by Noel Acciari.
13:34 of 2nd period - Stopped by Chet Pickard with a rebound.
13:36 of 2nd period - Slapshot by Tomas Kundratek.
13:36 of 2nd period - Stopped by Chet Pickard with a rebound.
13:38 of 2nd period - Snap shot by Scott Wilson.
13:38 of 2nd period - Deflect By Noel Acciari.
13:38 of 2nd period - Goal by Noel Acciari - Mustangs : 1 - Knights : 2.
13:39 of 2nd period - Cody Bass wins face-off versus Mika Zibanejad in neutral zone.
13:42 of 2nd period - Slapshot by Zach Trotman.
13:42 of 2nd period - Stopped by Chet Pickard with a rebound.
13:44 of 2nd period - Slapshot by Zach Trotman.
13:44 of 2nd period - Stopped by Chet Pickard with a rebound.
13:48 of 2nd period - Snap shot by Cody Bass.
13:48 of 2nd period - Stopped by Chet Pickard without a rebound.
13:49 of 2nd period - Cody Bass wins face-off versus Mika Zibanejad in Mustangs zone.
13:50 of 2nd period - Snap shot by Jimmy Hayes.
13:50 of 2nd period - Stopped by Chet Pickard without a rebound.
13:51 of 2nd period - Mika Zibanejad wins face-off versus Cody Bass in Mustangs zone.
13:53 of 2nd period - Minor Penalty to Marcus Foligno for Slashing.
13:54 of 2nd period - Cody Bass wins face-off versus Riley Sheahan in Mustangs zone.
14:06 of 2nd period - Snap shot by Jimmy Hayes.
14:06 of 2nd period - Stopped by Chet Pickard with a rebound.
15:53 of 2nd period - Penalty to Marcus Foligno is over, Marcus Foligno is back on ice.
16:05 of 2nd period - Minor Penalty to Scott Mayfield for Interference.
16:06 of 2nd period - Riley Sheahan wins face-off versus Cody Bass in Mustangs zone.
18:05 of 2nd period - Penalty to Scott Mayfield is over, Scott Mayfield is back on ice.
18:23 of 2nd period - Snap shot by Mika Zibanejad.
18:23 of 2nd period - Stopped by Ben Scrivens without a rebound.
18:24 of 2nd period - Andreas Athanasiou wins face-off versus Stefan Matteau in Knights zone.
18:25 of 2nd period - Snap shot by Curtis Hamilton.
18:25 of 2nd period - Stopped by Ben Scrivens without a rebound.
18:26 of 2nd period - Stefan Matteau wins face-off versus Andreas Athanasiou in Knights zone.
18:40 of 2nd period - Minor Penalty to Jacob Trouba for Hooking.
18:41 of 2nd period - Mika Zibanejad wins face-off versus Michael Raffl in Knights zone.
18:56 of 2nd period - Slapshot by Marcus Foligno.
18:56 of 2nd period - Stopped by Ben Scrivens without a rebound.
18:57 of 2nd period - Mika Zibanejad wins face-off versus Michael Raffl in Knights zone.
19:26 of 2nd period - Snap shot by Tomas Tatar.
19:26 of 2nd period - Shot Misses the Net.
19:28 of 2nd period - Slapshot by Mark Pysyk.
19:28 of 2nd period - Shot Misses the Net.
19:30 of 2nd period - Slapshot by Mark Pysyk.
19:30 of 2nd period - Shot Misses the Net.
19:57 of 2nd period - Off-side.
19:58 of 2nd period - Riley Sheahan wins face-off versus Matt Puempel in neutral zone.
Goals for this period are 1 for Mustangs vs 1 for Knights.
Shots for this period are 11 for Mustangs vs 13 for Knights.
3rd period
0:01 of 3rd period - Mika Zibanejad wins face-off versus Michael Raffl in neutral zone.
0:08 of 3rd period - Snap shot by Josh Jooris.
0:08 of 3rd period - Stopped by Ben Scrivens without a rebound.
0:09 of 3rd period - Mika Zibanejad wins face-off versus Michael Raffl in Knights zone.
0:20 of 3rd period - Wrist shot by Mika Zibanejad.
0:20 of 3rd period - Shot Blocked by Tomas Kundratek.
0:22 of 3rd period - Wrist shot by Mika Zibanejad.
0:22 of 3rd period - Goal by Mika Zibanejad - Mustangs : 2 - Knights : 2.
0:23 of 3rd period - Cody Bass wins face-off versus Mika Zibanejad in neutral zone.
0:26 of 3rd period - Slapshot by Tomas Kundratek.
0:26 of 3rd period - Shot Misses the Net.
0:33 of 3rd period - Off-side.
0:34 of 3rd period - Mika Zibanejad wins face-off versus Cody Bass in neutral zone.
1:36 of 3rd period - Snap shot by Linden Vey.
1:36 of 3rd period - Goal by Linden Vey - Mustangs : 2 - Knights : 3.
1:37 of 3rd period - Mika Zibanejad wins face-off versus Cody Bass in neutral zone.
1:42 of 3rd period - Wrist shot by Mika Zibanejad.
1:42 of 3rd period - Deflect By Marcus Foligno.
1:42 of 3rd period - Shot Blocked by Zach Trotman.
1:42 of 3rd period - Puck is out of play.
1:43 of 3rd period - Cody Bass wins face-off versus Mika Zibanejad in Knights zone.
2:11 of 3rd period - Minor Penalty to Josh Jooris for Unsportsmanlike conduct.
2:12 of 3rd period - Riley Sheahan wins face-off versus Cody Bass in Mustangs zone.
2:37 of 3rd period - Tomas Tatar is hit by Jared Spurgeon and loses puck.
4:11 of 3rd period - Penalty to Josh Jooris is over, Josh Jooris is back on ice.
4:24 of 3rd period - Andreas Athanasiou is hit by Stefan Matteau and loses puck.
4:31 of 3rd period - Slapshot by Jaccob Slavin.
4:31 of 3rd period - Deflect By Linden Vey.
4:31 of 3rd period - Stopped by Chet Pickard with a rebound.
4:48 of 3rd period - Minor Penalty to Joshua Leivo for Hooking.
4:49 of 3rd period - Noel Acciari wins face-off versus Riley Sheahan in Mustangs zone.
4:55 of 3rd period - Slapshot by Kevin Hayes.
4:55 of 3rd period - Stopped by Chet Pickard with a rebound.
4:57 of 3rd period - Slapshot by Jared Spurgeon.
4:57 of 3rd period - Deflect By Scott Wilson.
4:57 of 3rd period - Shot Misses the Net.
4:57 of 3rd period - Puck is out of play.
4:58 of 3rd period - Riley Sheahan wins face-off versus Noel Acciari in Mustangs zone.
5:27 of 3rd period - Slapshot by Jared Spurgeon.
5:27 of 3rd period - Shot Misses the Net.
5:31 of 3rd period - Slapshot by Tomas Kundratek.
5:31 of 3rd period - Deflect By Noel Acciari.
5:31 of 3rd period - Stopped by Chet Pickard with a rebound.
5:33 of 3rd period - Slapshot by Jared Spurgeon.
5:33 of 3rd period - Deflect By Scott Wilson.
5:33 of 3rd period - Stopped by Chet Pickard without a rebound.
5:34 of 3rd period - Cody Bass wins face-off versus Riley Sheahan in Mustangs zone.
5:47 of 3rd period - Snap shot by Michael Raffl.
5:47 of 3rd period - Shot Misses the Net.
5:49 of 3rd period - Wrist shot by Jimmy Hayes.
5:49 of 3rd period - Goal by Jimmy Hayes - Mustangs : 2 - Knights : 4.
5:50 of 3rd period - Cody Bass wins face-off versus Mika Zibanejad in neutral zone.
6:43 of 3rd period - Snap shot by Linden Vey.
6:43 of 3rd period - Shot Blocked by Mark Pysyk.
7:05 of 3rd period - Slapshot by Mark Pysyk.
7:05 of 3rd period - Deflect By Curtis Hamilton.
7:05 of 3rd period - Stopped by Ben Scrivens with a rebound.
7:44 of 3rd period - Tomas Tatar is hit by Zach Trotman and loses puck.
7:59 of 3rd period - Snap shot by Jim O'Brien.
7:59 of 3rd period - Shot Blocked by Michael Matheson.
8:01 of 3rd period - Backhand shot by Jerome Samson.
8:01 of 3rd period - Mustangs goal is going for a video replay.
8:01 of 3rd period - The goal is good.
8:01 of 3rd period - Goal by Jerome Samson - Mustangs : 3 - Knights : 4.
8:02 of 3rd period - Cody Bass wins face-off versus Mika Zibanejad in neutral zone.
8:37 of 3rd period - Snap shot by Tomas Tatar.
8:37 of 3rd period - Stopped by Ben Scrivens without a rebound.
8:38 of 3rd period - Stefan Matteau wins face-off versus Riley Sheahan in Knights zone.
8:49 of 3rd period - Mark Pysyk is hit by Jordan Martinook and loses puck.
9:32 of 3rd period - Snap shot by Jimmy Hayes.
9:32 of 3rd period - Shot Blocked by Alexei Marchenko.
9:34 of 3rd period - Wrist shot by Cody Bass.
9:34 of 3rd period - Stopped by Chet Pickard without a rebound.
9:35 of 3rd period - Cody Bass wins face-off versus Mika Zibanejad in Mustangs zone.
9:38 of 3rd period - Slapshot by Cody Bass.
9:38 of 3rd period - Goal by Cody Bass - Mustangs : 3 - Knights : 5.
9:39 of 3rd period - Josh Jooris wins face-off versus Cody Bass in neutral zone.
9:39 of 3rd period - Josh Jooris is hit by Cody Bass.
9:47 of 3rd period - Wrist shot by Josh Jooris.
9:47 of 3rd period - Deflect By Marcus Foligno.
9:47 of 3rd period - Stopped by Ben Scrivens without a rebound.
9:48 of 3rd period - Mika Zibanejad wins face-off versus Cody Bass in Knights zone.
10:05 of 3rd period - Slapshot by Brady Skjei.
10:05 of 3rd period - Deflect By Marcus Foligno.
10:05 of 3rd period - Shot Misses the Net.
10:05 of 3rd period - Puck is out of play.
10:06 of 3rd period - Riley Sheahan wins face-off versus Noel Acciari in Knights zone.
10:12 of 3rd period - Icing by Noel Acciari.
10:13 of 3rd period - Noel Acciari wins face-off versus Riley Sheahan in Knights zone.
10:24 of 3rd period - Snap shot by Noel Acciari.
10:24 of 3rd period - Shot Misses the Net.
10:26 of 3rd period - Snap shot by Noel Acciari.
10:26 of 3rd period - Shot Blocked by Derek Joslin.
10:28 of 3rd period - Snap shot by Noel Acciari.
10:28 of 3rd period - Shot Misses the Net.
11:00 of 3rd period - Linden Vey is hit by Brady Skjei and loses puck.
11:07 of 3rd period - Slapshot by Brady Skjei.
11:07 of 3rd period - Shot Blocked by Jaccob Slavin.
11:09 of 3rd period - Slapshot by Brady Skjei.
11:09 of 3rd period - Stopped by Ben Scrivens with a rebound.
11:30 of 3rd period - Wrist shot by Brendan Gaunce.
11:30 of 3rd period - Shot Misses the Net.
11:47 of 3rd period - Slapshot by Zach Trotman.
11:47 of 3rd period - Stopped by Chet Pickard without a rebound.
11:48 of 3rd period - Mika Zibanejad wins face-off versus Cody Bass in Mustangs zone.
11:48 of 3rd period - Mika Zibanejad is hit by Jimmy Hayes.
11:54 of 3rd period - Jimmy Hayes is hit by Josh Jooris and loses puck.
12:13 of 3rd period - Zach Trotman is hit by Jerome Samson and loses puck.
12:18 of 3rd period - Snap shot by Jim O'Brien.
12:18 of 3rd period - Stopped by Ben Scrivens with a rebound.
12:20 of 3rd period - Slapshot by Jim O'Brien.
12:20 of 3rd period - Shot Misses the Net.
12:22 of 3rd period - Slapshot by Jim O'Brien.
12:22 of 3rd period - Shot Misses the Net.
12:24 of 3rd period - Snap shot by Mark Pysyk.
12:24 of 3rd period - Stopped by Ben Scrivens without a rebound.
12:25 of 3rd period - Noel Acciari wins face-off versus Marcus Foligno in Knights zone.
12:40 of 3rd period - Wrist shot by Marcus Foligno.
12:40 of 3rd period - Shot Misses the Net.
13:05 of 3rd period - Wrist shot by Jaccob Slavin.
13:05 of 3rd period - Stopped by Chet Pickard with a rebound.
13:07 of 3rd period - Slapshot by Scott Wilson.
13:07 of 3rd period - Stopped by Chet Pickard without a rebound.
13:08 of 3rd period - Mika Zibanejad wins face-off versus Cody Bass in Mustangs zone.
14:16 of 3rd period - Snap shot by Marcus Foligno.
14:16 of 3rd period - Shot Misses the Net.
14:44 of 3rd period - Slapshot by Tom Wilson.
14:44 of 3rd period - Stopped by Chet Pickard with a rebound.
14:46 of 3rd period - Slapshot by Jacob Trouba.
14:46 of 3rd period - Stopped by Chet Pickard without a rebound.
14:47 of 3rd period - Riley Sheahan wins face-off versus Cody Bass in Mustangs zone.
15:20 of 3rd period - Slapshot by Jordan Martinook.
15:20 of 3rd period - Stopped by Chet Pickard without a rebound.
15:21 of 3rd period - Stefan Matteau wins face-off versus Josh Jooris in Mustangs zone.
15:22 of 3rd period - Snap shot by Linden Vey.
15:22 of 3rd period - Shot Blocked by Cameron Gaunce.
15:24 of 3rd period - Slapshot by Michael Matheson.
15:24 of 3rd period - Stopped by Chet Pickard without a rebound.
15:25 of 3rd period - Mika Zibanejad wins face-off versus Stefan Matteau in Mustangs zone.
15:25 of 3rd period - Mika Zibanejad is hit by Michael Matheson.
15:44 of 3rd period - Double Minor Penalty to Jordan Martinook for Roughing.
15:45 of 3rd period - Mika Zibanejad wins face-off versus Michael Raffl in Knights zone.
15:54 of 3rd period - Slapshot by Mika Zibanejad.
15:54 of 3rd period - Stopped by Ben Scrivens with a rebound.
15:56 of 3rd period - Slapshot by Brady Skjei.
15:56 of 3rd period - Shot Misses the Net.
15:58 of 3rd period - Slapshot by Derek Joslin.
15:58 of 3rd period - Shot Blocked by Tomas Kundratek.
16:48 of 3rd period - Marcus Foligno is hit by Kevin Hayes and loses puck.
17:11 of 3rd period - Scott Wilson is hit by Andrew Shaw and loses puck.
17:26 of 3rd period - Michael Raffl is hit by Derek Joslin and loses puck.
17:51 of 3rd period - Joshua Leivo is hit by Jimmy Hayes and loses puck.
19:18 of 3rd period - Cody Bass is hit by Mark Pysyk and loses puck.
19:44 of 3rd period - Penalty to Jordan Martinook is over, Jordan Martinook is back on ice.
19:52 of 3rd period - Minor Penalty to Francis Paré for Holding.
19:53 of 3rd period - Cody Bass wins face-off versus Riley Sheahan in Mustangs zone.
Goals for this period are 2 for Mustangs vs 3 for Knights.
Shots for this period are 10 for Mustangs vs 15 for Knights.
Back to the Top